 Dungeon Crawl Stone Soup version 0.25-a0-194-gece12570e2 (webtiles) character file.

Game seed: 6673774433175193978, levelgen mode: deterministic

588 Goreval the Spear-Bearer (level 7, 0/56 HPs)
             Began as a Merfolk Gladiator on Nov 30, 2019.
             Succumbed to a scorpion's poison
             ... on level 4 of the Dungeon.
             The game lasted 00:08:40 (5240 turns).

Goreval the Spear-Bearer (Merfolk Gladiator)        Turns: 5240, Time: 00:08:40

Health: 0/56       AC:  3    Str: 15    XL:     7   Next: 38%
Magic:  7/7        EV: 16    Int:  7    God:
Gold:   163        SH:  0    Dex: 17    Spells: 6/6 levels left

rFire    . . .     SeeInvis .   t - +1 halberd
rCold    + . .     Gourm    .   (shield currently unavailable)
rNeg     . . .     Faith    .   b - +0 leather armour
rPois    .         Spirit   .   (helmet restricted)
rElec    .         Reflect  .   (no cloak)
rCorr    .         Harm     .   (no gloves)
MR       .....                  (no boots)
Stlth    +.........             q - amulet of the acrobat
HPRegen  0.18/turn              o - ring of protection from cold
MPRegen  0.10/turn              (no ring)

@: lethally poisoned (0 -> -15)
A: change form in water, swift swim, stealthy swim, beak, repulsion field 1,
blurry vision 1
a: no special abilities


You were on level 4 of the Dungeon.
You were not hungry.

You visited 1 branch of the dungeon, and saw 4 of its levels.

You collected 163 gold pieces.

Inventory:

Hand Weapons
 a - a +0 trident
 t - a +1 halberd (weapon)
Missiles
 d - 3 throwing nets
 h - 74 stones (quivered)
Armour
 b - a +0 leather armour (worn)
 c - a +0 helmet
Jewellery
 o - a ring of protection from cold (left hand)
 q - an amulet of the acrobat (around neck)
 v - an uncursed ring of ice
Scrolls
 e - 3 scrolls of remove curse {unknown}
 i - a scroll of teleportation
 k - a scroll of enchant weapon
 m - a scroll of fear {unknown}
 n - a scroll of magic mapping {unknown}
 r - a scroll of enchant armour {unknown}
 s - 2 scrolls of fog {unknown}
Potions
 g - a potion of agility
 p - a potion of cancellation
Comestibles
 f - 4 rations
 u - 2 chunks of flesh


   Skills:
 + Level 5.2 Fighting
 * Level 10.0 Polearms
 - Level 2.0 Throwing
 - Level 4.0 Dodging


You had 6 spell levels left.
You didn't know any spells.
Your spell library was empty.

Dungeon Overview and Level Annotations

Branches:
Dungeon (4/15)
 Temple: D:4-7

Altars:
Kikubaaqudgha
Xom
The Shining One

Annotations:
D:3 2 transporters


Innate Abilities, Weirdness & Mutations

You revert to your normal form in water.
You are very nimble and swift while swimming.
You are very stealthy in the water. (Stealth+)
You have a beak for a mouth.
You are surrounded by a mild repulsion field. (EV +2)
Scrolls take you a little longer to read.


Message History

Your vision blurs.
Your mouth lengthens and hardens into a beak!
Your +0 helmet falls away!
You begin to radiate repulsive energy.
* * * LOW HITPOINT WARNING * * *
You feel very sick.
Okay, then.
Unknown command.
* * * LOW HITPOINT WARNING * * *
You feel sick.
* * * LOW HITPOINT WARNING * * *
You feel sick.
* * * LOW HITPOINT WARNING * * *
You feel sick.
* * * LOW HITPOINT WARNING * * *
You feel sick.
* * * LOW HITPOINT WARNING * * *
You feel sick.
You begin reading the scroll.
You continue reading the scroll.
You die...

...# ##.# #.#
#.# #.# ##'##
....# ....#
#########
....#
#....@..#
....#
#.#####.#
#########
....# #.#
.........##
##'## #.#
...........
#.# #.#
.........##
##<# ##### #.#
.........#
(((#
#...########.#
.........#
####
#.#.#........#
.........#
#.#.#.########
.........#


There were no monsters in sight!

Vanquished Creatures
  Menkaure (D:4)
  A centaur (D:4)
  A scorpion (D:4)
  An orc priest (D:3)
  A jelly (D:3)
  2 iguanas
  7 gnolls
  6 adders
  An ooze (D:2)
  3 dart slugs
  5 leopard geckos (D:2)
  9 orcs
  2 ball pythons
  5 bats
  5 giant cockroaches
  5 goblins
  4 hobgoblins
  2 jackals (D:1)
  9 kobolds
  6 quokkas
  4 frilled lizards
  6 rats
86 creatures vanquished.

Notes
Turn   | Place    | Note
-------+----------+-------------------------------------------
     0 | D:1      | Goreval the Merfolk Gladiator began the quest for the Orb.
     0 | D:1      | Reached XP level 1. HP: 16/16 MP: 1/1
    99 | D:1      | Reached XP level 2. HP: 17/23 MP: 2/2
   102 | D:1      | Reached skill level 5 in Polearms
  1104 | D:2      | Reached XP level 3. HP: 28/28 MP: 3/3
  1155 | D:2      | Reached skill level 6 in Polearms
  1307 | D:2      | Reached XP level 4. HP: 35/35 MP: 4/4
  1754 | D:2      | Found an ancient bone altar of Kikubaaqudgha.
  1756 | D:2      | Found a shimmering altar of Xom.
  2049 | D:1      | Reached skill level 7 in Polearms
  2049 | D:1      | Reached XP level 5. HP: 22/41 MP: 5/5
  2586 | D:2      | Noticed a centaur
  3241 | D:3      | Reached skill level 8 in Polearms
  3256 | D:3      | Reached XP level 6. HP: 32/48 MP: 6/6
  3524 | D:3      | Found a transporter.
  3542 | D:3      | Found a transporter.
  3859 | D:3      | Found a glowing golden altar of the Shining One.
  4684 | D:4      | Reached skill level 9 in Polearms
  5105 | D:4      | Noticed Menkaure
  5111 | D:4      | Killed Menkaure
  5111 | D:4      | Reached skill level 5 in Fighting
  5111 | D:4      | Reached XP level 7. HP: 56/56 MP: 7/7
  5232 | D:4      | Reached skill level 10 in Polearms
  5233 | D:4      | Gained mutation: Scrolls take you a little longer to read.
                  | [potion of mutation]
  5233 | D:4      | Gained mutation: You have a beak for a mouth. [potion of
                  | mutation]
  5233 | D:4      | Gained mutation: You are surrounded by a mild repulsion
                  | field. (EV +2) [potion of mutation]
  5238 | D:4      | HP: 2/56 [poisoned by a scorpion]
  5240 | D:4      | Succumbed to a scorpion's poison

Levels and vault maps discovered:
D:1:      matt_arrival_debris, layout_loops_ring
D:2:      layout_loops_ring, nicolae_overflow_hidden_temple,
          lightli_corner_chamber
D:3:      gammafunk_steamed_eel, layout_basic, nicolae_tso_swordbearing_angel
D:4:      layout_basic, uniq_menkaure

Skill      XL: |  1  2  3  4  5  6  7 |
---------------+----------------------+-----
Polearms       | 5 6 7 8 9 10 | 10.0
Fighting       | 3 4 5 |  5.2
Throwing       | |  2.0
Dodging        | |  4.0

Action                   |  1- 3 |  4- 6 |  7- 9 || total
-------------------------+-------+-------+-------++-------
Melee: Trident           |    64 |   105 |       ||   169
       Halberd           |       |   107 |    22 ||   129
Throw: Stone             |       |     2 |       ||     2
  Use: Scroll            |       |     5 |       ||     5
       Potion            |       |       |     2 ||     2
 Stab: Sleeping          |     2 |     1 |       ||     3
  Eat: Chunk             |     1 |     9 |       ||    10
       Ration            |       |     1 |       ||     1
Armor: Leather armour    |     7 |    23 |     3 ||    33
Dodge: Dodged            |    30 |   119 |     7 ||   156

Table legend:
 A = Non-vault XP
 B = Vault XP
 C = Vault XP percentage of total XP
 D = Non-vault monster count
 E = Vault monster count
 F = Vault count percentage of total count
                 A         B        C        D         E       F
            +---------+---------+-------+---------+---------+-------
      Total |     668 |     172 |  20.5 |      85 |       1 |   1.2
            +---------+---------+-------+---------+---------+-------
        D:1 |      37 |       0 |   0.0 |      12 |       0 |   0.0
        D:2 |     231 |       0 |   0.0 |      35 |       0 |   0.0
        D:3 |     164 |       0 |   0.0 |      30 |       0 |   0.0
        D:4 |     236 |     172 |  42.2 |       8 |       1 |  11.1
            +---------+---------+-------+---------+---------+-------
